 Dungeon Crawl Stone Soup version 0.31-a0-246-g8cbcc1cb85 (webtiles) character file.

Game seed: 15705015747529213945

4870 Iniera the Grappler (level 10, -15/71 HPs)
             Began as a Demonspawn Brigand on July 12, 2023.
             Was a Priest of Hepliaklqana.
             Demolished by a two-headed ogre
             ... wielding a +0 giant club
              (18 damage)
             ... on level 9 of the Dungeon.
             The game lasted 00:09:29 (8167 turns).

Iniera the Grappler (Demonspawn Brigand)            Turns: 8167, Time: 00:09:29

Health: -15/71     AC: 17    Str: 16    XL:     10   Next: 26%
Magic:  15/15      EV:  7    Int: 12    God:    Hepliaklqana [***...]
Gold:   521        SH:  0    Dex: 21    Spells: 9/9 levels left

rFire   . .          .
                       - Unarmed
rCold   . . .        (no shield)
rNeg    . . .        x - +6 plate armour of Moral Flaws {Harm rPois}
rPois   +            w - +0 helmet
rElec   .            c - +0 cloak
rCorr   +            (gloves unavailable)
SInv    .            (no boots)
Will    .....        (no amulet) Stlth
                     l - ring of resist corrosion
HPRegen 0.31/turn    v - +6 ring of dexterity
MPRegen 0.14/turn

%: harm (+30% outgoing, +20% incoming)
@: corroded
A: reduced essence, claws 3, molten scales 1, demonic guardian 1, foul stench 1
a: Renounce Religion, Recall Ancestor, Ancestor Identity, Transference


You were on level 9 of the Dungeon.
You worshipped Hepliaklqana.
Hepliaklqana was most pleased with you.
You visited 1 branch of the dungeon, and saw 9 of its levels.

You collected 521 gold pieces.

Inventory:

Missiles
 n - 9 poisoned darts (quivered)
 z - 3 curare-tipped darts
Armour
 c - a +0 cloak (worn)
 w - a +0 helmet (worn)
 x - the +6 plate armour of Moral Flaws (worn) {Harm rPois}
   (You found it on level 7 of the Dungeon)

   rPois:     It protects you from poison.
   Harm:      It increases damage dealt and taken.
Jewellery
 l - a ring of resist corrosion (left claw)
 q - a ring of protection from cold
 v - a +6 ring of dexterity (right claw)
Wands
 f - a wand of iceblast (8)
 t - a wand of acid (9)
 B - a wand of mindburst (22)
Scrolls
 a - 3 scrolls of teleportation
 h - 2 scrolls of poison
 i - a scroll of enchant weapon
 j - 2 scrolls of blinking
 m - 2 scrolls of silence
 p - a scroll of summoning {unknown}
 u - 2 scrolls of fog
 y - a scroll of acquirement {unknown}
 C - 2 scrolls of immolation
Potions
 b - 2 potions of curing
 d - 3 potions of heal wounds
 e - 3 potions of might
 g - 2 potions of haste
 k - a potion of ambrosia {unknown}
 o - a potion of lignification {unknown}
 r - 3 potions of enlightenment {unknown}
 s - 2 potions of mutation {unknown}
 A - a potion of attraction {unknown}


   Skills:
 + Level 7.1 Fighting
 - Level 1.7 Short Blades
 - Level 1.7 Throwing
 + Level 2.7 Armour
 + Level 6.1 Dodging
 - Level 3.6 Stealth
 * Level 8.6 Unarmed Combat
 + Level 7.8 Invocations


You had 9 spell levels left.
You didn't know any spells.
Your spell library contained the following spells:

 Spells                   Type           Power      Damage    Failure   Level
 Sandblast                Erth           0%         2d4       100%        1
 Passwall                 Tmut/Erth      0%         N/A       100%        2
 Stone Arrow              Conj/Erth      0%         3d7       100%        3


Dungeon Overview and Level Annotations

Branches:
Dungeon (9/15)             Temple (0/1) D:6            Lair (0/5) D:8
    Orc: D:9-12

Altars:
Cheibriados
Hepliaklqana

Shops:
D:8 [


Innate Abilities, Weirdness & Mutations

Your life essence is reduced to manifest your ancestor. (-10% HP)
You have claws for hands.
You are partially covered in molten scales. (AC +2)
A weak demonic guardian rushes to your aid.
You may rarely emit foul miasma when damaged in melee.


Message History

The acid dragon is severely wounded.
Ilshubani casts a spell at the acid dragon.
The puff of frost hits the acid dragon.
The acid dragon bites Ilshubani!
Ilshubani is destroyed!
You scratch the acid dragon.
You kill the acid dragon!
No target in view!
No target in view!
No target in view!
No target in view!
No target in view!
No target in view!
A two-headed ogre comes into view. It is wielding two +0 giant clubs.
A two-headed ogre is nearby!
The two-headed ogre barely misses you.
The two-headed ogre hits you but does no damage.
You closely miss the two-headed ogre. The two-headed ogre closely misses you.
The two-headed ogre hits you with a +0 giant club.
You barely miss the two-headed ogre. You scratch the two-headed ogre.
The two-headed ogre is lightly wounded.
The two-headed ogre barely misses you.
The two-headed ogre hits you with a +0 giant club!
You scratch the two-headed ogre.
The two-headed ogre is lightly wounded.
You scratch the two-headed ogre but do no damage.
The two-headed ogre is lightly wounded.
The two-headed ogre barely misses you.
The two-headed ogre hits you with a +0 giant club!
You are too injured to fight recklessly!
You are too injured to fight recklessly!
You are too injured to fight recklessly!
You are too injured to fight recklessly!
You scratch the two-headed ogre but do no damage.
The two-headed ogre is lightly wounded.
The two-headed ogre hits you with a +0 giant club!!
* * * LOW HITPOINT WARNING * * *
A demonic guardian appears!
The two-headed ogre hits you with a +0 giant club!
You die...

.........+ .. #.....
#.#..# .. #.##.###....#
## #.#...##....# ###
#.#...##....###
#...#.#...##......#
..#...#.#.†.##.####.####
......5.....'..# #.)....
......O@....#### #.[))..
.##[..#.##### #.....~
#.. #.# #...~≈~ #. #.#
#...~~~ # #+# #....~.
#...... #...... #......
#....~.


You could see a two-headed ogre (ally target) and a friendly quasit (summoned).

Vanquished Creatures
  A hornet (D:8)
  A shadow (D:7)
  2 yaks (D:9)
  A steam dragon (D:9)
  Menkaure (D:5)
  2 acid dragons
  A water moccasin (D:5)
  2 ice beasts
  A black bear (D:5)
  2 ogres
  A phantom (D:5)
  A bullfrog (D:8)
  A gnoll sergeant (D:7)
  A scorpion (D:4)
  7 wights (D:8)
  7 killer bees
  4 gnoll boudas
  7 hounds
  2 sleepcaps
  Terence (D:2)
  5 iguanas
  4 orc wizards
  7 gnolls
  11 adders
  2 shadow imps
  2 white imps (D:7)
  5 dart slugs
  14 orcs
  8 endoplasms
  A giant cockroach (D:4)
  7 goblins
  4 hobgoblins
  12 jackals
  6 quokkas
  6 ball pythons
  5 bats
  A frilled lizard (D:3)
  11 kobolds
  7 rats
164 creatures vanquished.

Vanquished Creatures (collateral kills)
  A hornet (D:9)
  3 yaks (D:9)
  A steam dragon (D:9)
  An orc warrior (D:9)
  2 ogres
  2 wights (D:8)
  2 killer bees
  2 orc wizards
  10 gnolls
  2 adders
  8 orcs
34 creatures vanquished.

Vanquished Creatures (others)
  An ancestor (D:5)
  4 battlemagi
5 creatures vanquished.

Grand Total: 203 creatures vanquished

Notes
Turn   | Place    | Note
-------+----------+-------------------------------------------
     0 | D:1      | Iniera the Demonspawn Brigand began the quest for the Orb.
     0 | D:1      | Reached XP level 1. HP: 16/16 MP: 1/1
    39 | D:1      | Reached skill level 1 in Dodging
   120 | D:1      | Gained mutation: You have sharp fingernails. [demonic
                  | ancestry]
   120 | D:1      | Reached XP level 2. HP: 5/23 MP: 2/2
   735 | D:1      | Reached skill level 1 in Unarmed Combat
   775 | D:1      | Gained mutation: You may rarely emit foul miasma when
                  | damaged in melee. [demonic ancestry]
   775 | D:1      | Reached XP level 3. HP: 28/28 MP: 3/3
   951 | D:2      | Noticed Terence
   974 | D:2      | Killed Terence
  1075 | D:2      | Reached XP level 4. HP: 29/34 MP: 4/4
  1197 | D:2      | Reached skill level 2 in Unarmed Combat
  1807 | D:2      | Found a faded altar of an unknown god.
  1938 | D:3      | Found a hazy altar of Hepliaklqana.
  1939 | D:3      | Found a snail-covered altar of Cheibriados.
  2066 | D:3      | Gained mutation: You are partially covered in molten
                  | scales. (AC +2) [demonic ancestry]
  2066 | D:3      | Reached XP level 5. HP: 41/41 MP: 5/5
  2266 | D:3      | Reached skill level 3 in Unarmed Combat
  2363 | D:3      | Became a worshipper of Hepliaklqana the Forgotten
  2770 | D:4      | Reached skill level 1 in Invocations
  2918 | D:4      | Gained mutation: You have very sharp fingernails. [demonic
                  | ancestry]
  2918 | D:4      | Reached XP level 6. HP: 44/48 MP: 6/6
  3411 | D:5      | Entered Level 5 of the Dungeon
  3625 | D:5      | Noticed Menkaure
  3631 | D:5      | Killed Menkaure
  3632 | D:5      | Reached skill level 4 in Unarmed Combat
  3632 | D:5      | Reached XP level 7. HP: 29/54 MP: 8/8
  3778 | D:5      | Reached * piety under Hepliaklqana
  4171 | D:5      | Reached skill level 5 in Unarmed Combat
  4377 | D:5      | Gained mutation: You have claws for hands. [demonic
                  | ancestry]
  4377 | D:5      | Reached XP level 8. HP: 51/54 MP: 11/11
  4416 | D:5      | Reached skill level 5 in Fighting
  4968 | D:6      | Reached ** piety under Hepliaklqana
  4969 | D:6      | Remembered your ancestor Ilshubani as a battlemage
  5215 | D:6      | Found a staircase to the Ecumenical Temple.
  5399 | D:6      | Reached skill level 5 in Invocations
  5435 | D:6      | Reached skill level 6 in Unarmed Combat
  6237 | D:7      | Reached skill level 5 in Dodging
  6237 | D:7      | Reached XP level 9. HP: 62/62 MP: 13/13
  6246 | D:7      | Reached skill level 7 in Unarmed Combat
  6347 | D:7      | Identified the +6 plate armour of Moral Flaws {Harm rPois}
  6963 | D:8      | Found Rompovung's Antique Armour Emporium.
  7038 | D:8      | Reached *** piety under Hepliaklqana
  7091 | D:8      | Found a staircase to the Lair.
  7293 | D:8      | Reached skill level 1 in Armour
  7443 | D:8      | Reached skill level 8 in Unarmed Combat
  7965 | D:9      | Paralysed by a hornet for 1 turns
  8064 | D:9      | Gained mutation: A weak demonic guardian rushes to your
                  | aid. [demonic ancestry]
  8064 | D:9      | Reached XP level 10. HP: 49/69 MP: 15/15
  8159 | D:9      | Noticed a two-headed ogre
  8167 | D:9      | HP: 3/71 [two-headed ogre/+0 giant club (34)]
  8167 | D:9      | Demolished by a two-headed ogre

Illustrated notes

Levels and vault maps discovered:
D:1:      lemuel_arrival_funnel, layout_basic, kennysheep_boxes
D:2:      minmay_general_purpose_star, layout_rooms,
          shapermc_ecumenical_altar_petra, uniq_terence
D:3:      layout_basic, mainiacjoe_overflow_divided_tiny
D:4:      cheibrodos_quashed, layout_loops_cross
D:5:      minmay_bubble_buster, layout_gridville, uniq_menkaure
D:6:      layout_loops_corners, minmay_temple_entry_gardened_gates,
          hangedman_abyss_or_decor_stabs
D:7:      layout_rooms, chequers_serial_rivers_small_b
D:8:      layout_rooms, lair_entry_dummy, serial_shops,
          nicolae_shop_hallway_stairs
D:9:      layout_basic, minivault_21

Skill      XL: |  1  2  3  4  5  6  7  8  9 10 |
---------------+-------------------------------+-----
Dodging        | 1 2 3 4 5 6 |  6.1
Unarmed Combat | 1 2 3 4 5 6 8 |  8.6
Fighting       | 3 4 5 6 7 |  7.1
Invocations    | 1 2 4 6 7 |  7.8
Armour         | 2 |  2.7
Short Blades   | |  1.7
Throwing       | |  1.7
Stealth        | |  3.6

Action                     |  1- 3 |  4- 6 |  7- 9 | 10-12 || total
---------------------------+-------+-------+-------+-------++-------
  Melee: Dagger            |   105 |    11 |       |       ||   116
         Unarmed           |       |   230 |   271 |    21 ||   522
         Punch             |       |     6 |     5 |     2 ||    13
  Throw: Dart              |    38 |    56 |       |       ||    94
 Invoke: Ancestor Life: Ba |       |       |     1 |       ||     1
  Evoke: Wand              |       |     1 |     2 |       ||     3
    Use: Potion            |     2 |       |     4 |       ||     6
         Scroll            |     2 |    11 |     1 |       ||    14
   Stab: Sleeping          |     1 |     1 |       |       ||     2
         Distracted        |       |       |     2 |     1 ||     3
 Armour: Robe              |    33 |       |       |       ||    33
         Scale mail        |     8 |   144 |    13 |       ||   165
         Chain mail        |       |       |    95 |       ||    95
         Plate armour      |       |       |   112 |     7 ||   119
  Dodge: Dodged            |   111 |   120 |   129 |     7 ||   367

Table legend: (Time is in decaauts)
 A = Elapsed time spent in this place.
 B = Non-inter-level travel time spent in this place.
 C = Inter-level travel time spent in this place.
 D = Time resting spent in this place.
 E = Time spent auto-exploring this place.
 F = Levels seen in this place.
 G = Mean time per level.
                   A        B        C        D        E       F      G
               +--------+--------+--------+--------+--------+-----+--------+
         Total |   8103 |   7705 |    398 |    367 |   5934 |   9 |  900.3 |
       Dungeon |   8103 |   7705 |    398 |    367 |   5934 |   9 |  900.3 |
               +--------+--------+--------+--------+--------+-----+--------+

Top non-repeatable levels by time:
     D:5: 1541 daAuts
     D:6: 1347 daAuts
     D:4: 1020 daAuts
     D:1: 935 daAuts
     D:2: 884 daAuts
     D:8: 838 daAuts
     D:7: 749 daAuts
     D:3: 542 daAuts
     D:9: 245 daAuts
